 Dungeon Crawl Stone Soup version 0.30-a0-1164-ge08a67761e (webtiles) character file.

Game seed: 6211512922395625393

58 backslashecho the Insei (level 4, 0/54 HPs)
             Began as a Meteoran Transmuter on Apr 29, 2023.
             Slain by an orc
             ... wielding a +0 whip
              (4 damage)
             ... on level 2 of the Dungeon.
             The game lasted 00:05:02 (417 turns).

backslashecho the Insei (Meteoran Transmuter)        Turns: 417, Time: 00:05:03

Health: 0/54       AC: 22    Str: 19    XL:     4   Next: 43%
Magic:  9/9        EV:  2    Int: 14    God:
Gold:   37         SH:  0    Dex: 21    Spells: 8/9 levels left

rFire   . .          .
                       - Unarmed
rCold   . . .        (no shield)
rNeg    . . .        a - melded +0 robe
rPois   +            (helmet currently unavailable)
rElec   .            (cloak currently unavailable)
rCorr   .            (gloves currently unavailable)
SInv    .            (boots currently unavailable)
Will    .....        (no amulet)
Stlth   +            i - +6 ring of strength
HPRegen 0.29/turn    l - +6 ring of dexterity
MPRegen 0.11/turn

%: no passive effects
@: tree-form, glowing
A: stationary, stasis, torment immunity, boosted hp, sense surroundings 1,
otherworldly, glowing, explore regen
a: no special abilities


You were on level 2 of the Dungeon.
You were a tree.
You visited 1 branch of the dungeon, and saw 2 of its levels.

You collected 37 gold pieces.

Inventory:

Armour
 a - a +0 robe (melded)
Jewellery
 i - a +6 ring of strength (left branch)
 l - a +6 ring of dexterity (right branch)
Scrolls
 f - a scroll of teleportation {unknown}
 g - a scroll of immolation {unknown}
 h - a scroll of magic mapping {unknown}
 j - 3 scrolls of identify {unknown}
 m - a scroll of fear {unknown}
 n - a scroll of vulnerability {unknown}
Potions
 c - a potion of heal wounds {unknown}
 d - a potion of brilliance {unknown}
 e - a potion of might {unknown}
 k - a potion of attraction {unknown}


   Skills:
 + Level 1.7 Fighting
 + Level 2.9 Dodging
 * Level 4.5 Unarmed Combat
 - Level 3.0 Spellcasting
 * Level 3.4 Transmutations


You had 8 spell levels left.
You knew the following spells:

 Your Spells              Type           Power      Damage    Failure   Level
a - Beastly Appendage     Tmut           22%        N/A       5%          1

Your spell library contained the following spells:

 Spells                   Type           Power      Damage    Failure   Level
 Wereblood                Tmut           11%        N/A       9%          2
 Poisonous Vapours        Pois/Air       4%         N/A       32%         2
 Spider Form              Tmut/Pois      6%         N/A       32%         3
 Mephitic Cloud           Conj/Pois/Air  2%         N/A       54%         3
 Ice Form                 Ice/Tmut       6%         N/A       71%         4
 Freezing Cloud           Conj/Ice/Air   1%         6-21      99%         5


Dungeon Overview and Level Annotations

Branches:
Dungeon (2/15) Zot: 785

Altars:


Innate Abilities, Weirdness & Mutations

You are a tree.
Your roots penetrate the ground, keeping you stationary.
You cannot be teleported.
You are immune to unholy pain and torment.
Your maximum health is greatly increased.
Your equipment is partially melded.
You passively map a small area around you.
You are easily found by Zot.
You glow in the dark.
You regain HP and MP as you explore.


Message History

The orc hits you but does no damage.
The orc priest mumbles some strange prayers to Beogh against you.
Pain shoots through your body!
* * * LOW HITPOINT WARNING * * *
The orc barely misses you.
You take 10 damage, and have 2/28 hp.
MASSIVE DAMAGE!!
Your transformation is almost over.
The orc hits you but does no damage. The orc barely misses you.
Things that are here:
a +0 mace; a +0 mace; an orc corpse You hit the orc priest.
Your kick misses the orc priest.
The orc priest is lightly wounded.
The orc misses you. The orc hits you with a +0 whip.
* * * LOW HITPOINT WARNING * * *
The orc priest barely misses you. The orc hits you but does no damage.
You take 1 damage, and have 1/28 hp.
Really quaff the potion of lignification?
Your horns disappear.
Your talons disappear.
You turn into a tree.
Your +0 robe melds into your body.
Your roots penetrate the ground.
The orc priest hits you but does no damage.
The orc hits you but does no damage. The orc barely misses you.
The orc hits you but does no damage.
You now have 2/42 hp.
You smack the orc priest!
You punch the orc priest.
The orc priest is severely wounded.
The orc priest hits you but does no damage.
The orc hits you but does no damage. x3
You pummel the orc priest!!
You kill the orc priest!
Training target 3.0 for Spellcasting reached!
Your Spellcasting skill increases to level 3!
You have reached level 4!
You regained 2 hp, and now have 4/54 hp.
MP restored: 9 You barely miss the orc.
The orc hits you but does no damage. x3
You smack the orc!
You kill the orc!
The orc hits you but does no damage. The orc hits you with a +0 whip.
You die...

####.### .# , , #####..##
..#........ , #.......#
*#.#..8...8.
#.......#####..........
#.........##...........
#......##.............. *
#......# ##......8...8.,
#......# #...#))......** ,
#......####...!♣########
######....#...oo........,
####..+.>................
,*
...#.##....#....####...=.,
.....<#....#....# * ####
...†..#.#.#######
......#.#.# ,, ,
.#.#..#.#.# #....#.#.# ,


You could see 2 orcs.

Vanquished Creatures
  An orc priest (D:2)
  3 dart slugs (D:1)
  3 orcs (D:2)
  2 ball pythons (D:1)
  2 bats (D:1)
  3 endoplasms
  A giant cockroach (D:2)
  A hobgoblin (D:1)
  2 frilled lizards (D:1)
  A kobold (D:2)
  3 rats
22 creatures vanquished.

Notes
Turn   | Place    | Note
-------+----------+-------------------------------------------
     0 | D:1      | backslashecho the Meteoran Transmuter began the quest for
                  | the Orb.
     0 | D:1      | Reached XP level 1. HP: 16/16 MP: 5/5
    28 | D:1      | Reached XP level 2. HP: 13/23 MP: 4/6
   157 | D:1      | Reached XP level 3. HP: 23/28 MP: 8/8
   190 | D:1      | Reached skill level 4 in Unarmed Combat
   412 | D:2      | HP: 1/28 [orc/+0 whip (1)]
   416 | D:2      | Reached XP level 4. HP: 4/36 MP: 9/9
   417 | D:2      | Slain by an orc

Illustrated notes

Levels and vault maps discovered:
D:1:      saegor_arrival_simple_b, layout_loops_ring, serial_shops, shop,
          chequers_serial_rivers_large_a
D:2:      cheibrodos_pilgrimage, layout_basic, basic_altar

Skill      XL: |  1  2  3 |
---------------+----------+-----
Unarmed Combat | 4 |  4.5
Transmutations | 3 |  3.4
Spellcasting   | 3 |  3.0
Fighting       | |  1.7
Dodging        | |  2.9

Action                     |  1- 3 |  4- 6 || total
---------------------------+-------+-------++-------
  Melee: Unarmed           |    52 |     2 ||    54
         Kick              |     6 |       ||     6
         Punch             |     2 |       ||     2
   Cast: Beastly Appendage |     5 |       ||     5
    Use: Potion            |     1 |       ||     1
 Armour: Robe              |    13 |       ||    13
         Skin              |     7 |     4 ||    11
  Dodge: Dodged            |    28 |       ||    28

Table legend: (Time is in decaauts)
 A = Elapsed time spent in this place.
 B = Non-inter-level travel time spent in this place.
 C = Inter-level travel time spent in this place.
 D = Time resting spent in this place.
 E = Time spent auto-exploring this place.
 F = Levels seen in this place.
 G = Mean time per level.
                   A        B        C        D        E       F      G
               +--------+--------+--------+--------+--------+-----+--------+
         Total |    413 |    413 |      0 |      9 |     87 |   2 |  206.5 |
       Dungeon |    413 |    413 |      0 |      9 |     87 |   2 |  206.5 |
               +--------+--------+--------+--------+--------+-----+--------+

Top non-repeatable levels by time:
     D:1: 276 daAuts
     D:2: 137 daAuts
